 Dungeon Crawl Stone Soup version 0.18.1-50-g88ac8fd (webtiles) character file.

97 saintsgambit the Shield-Bearer (level 4, -9/40 HPs)
             Began as a Minotaur Fighter on Oct 13, 2016.
             Mangled by Sigmund
             ... wielding a +0 scythe
              (11 damage)
             ... on level 3 of the Dungeon.
             The game lasted 00:05:14 (1441 turns).

saintsgambit the Shield-Bearer (Minotaur Fighter)   Turns: 1441, Time: 00:05:15

Health: -9/40      AC:  7    Str: 27    XL:     4   Next: 42%
Magic:  3/3        EV:  8    Int:  5    God:
Gold:   123        SH: 10    Dex:  9    Spells: 0 memorised, 3 levels left

rFire  . . .     SeeInvis .     a - +1 trident
rCold  . . .     Gourm    .     b - +0 scale mail
rNeg   . . .     Faith    .     c - +0 shield
rPois  .         Spirit   .     (helmet restricted)
rElec  .         Dismiss  .     (no cloak)
rCorr  .         Reflect  .     (no gloves)
SustAt .         Harm     .     (no boots)
MR     .....                    (no amulet)
Stlth  ..........               (no ring)
                                (no ring)

@: mighty, not resistant to hostile enchantments, extremely unstealthy
A: retaliatory headbutt, horns 2
a: no special abilities


You were on level 3 of the Dungeon.
You were hungry.

You visited 1 branch of the dungeon, and saw 3 of its levels.

You collected 123 gold pieces.

Inventory:

Hand Weapons
 a - a +1 trident (weapon)
Armour
 b - a +0 scale mail (worn)
 c - a +0 shield (worn)
 m - a +0 plate armour
 n - a +0 chain mail
Scrolls
 g - a scroll of enchant weapon
 l - 3 scrolls of enchant armour {unknown}
 q - a scroll of remove curse {unknown}
 r - a scroll of identify {unknown}
 s - a scroll of immolation {unknown}
Potions
 e - a potion of berserk rage {unknown}
 i - a potion of mutation {unknown}
 j - a potion of brilliance {unknown}
 k - a potion of magic {unknown}
 o - a potion of haste {unknown}
 p - a potion of agility {unknown}
Comestibles
 f - 4 bread rations
 h - a meat ration


   Skills:
 + Level 4.2 Fighting
 + Level 2.8 Polearms
 + Level 4.3 Armour
 + Level 2.0 Dodging
 + Level 4.6 Shields


You had 3 spell levels left.
You didn't know any spells.

Dungeon Overview and Level Annotations

Branches:
Dungeon (3/15)

Altars:
Pakellas

Annotations:
D:3 Sigmund


Innate Abilities, Weirdness & Mutations

You reflexively headbutt those who attack you in melee.
You have a pair of horns on your head.


Message History

The bat hits you. Something hits you. The rat bites you but does no damage.
The kobold throws a stone.
The stone closely misses you.
You bump into the rock wall.
The bat hits you but does no damage. The rat bites you but does no damage.
The kobold throws a stone.
The bat hits you but does no damage. Something hits you.
You feel less confused. Something hits you.
* * * LOW HITPOINT WARNING * * *
You block the rat's attack.
Your shield prevents you from hitting the rat.
Your headbutt misses the rat. You block the rat's attack. Something hits you!
* * * LOW HITPOINT WARNING * * *
You puncture the rat!
You kill the rat!
You block the bat's attack. x2
You puncture the bat!
You kill the bat!
Your Dodging skill increases to level 2!
Something hits you!
You die...

#....##..
##........
#..$......
.........
#####.........
....#........
#..{K..# #(##.#
#@...#
####....#
###....#......
#.....(#######
#.>....#
#....†.#
#......#
#......#
#####..
#)..†(.####....


You could see a kobold.

Vanquished Creatures
  Ijyb (D:2)
  2 adders (D:2)
  An ooze (D:2)
  A worm (D:2)
  A giant gecko (D:1)
  8 bats
  5 giant cockroaches
  4 goblins
  2 hobgoblins
  6 giant newts
  9 kobolds
  8 rats
48 creatures vanquished.

Vanquished Creatures (others)
  An ugly thing (D:2)
1 creature vanquished.

Grand Total: 49 creatures vanquished

Notes
Turn   | Place    | Note
--------------------------------------------------------------
     0 | D:1      | saintsgambit the Minotaur Fighter began the quest for the Orb.
     0 | D:1      | Reached XP level 1. HP: 19/19 MP: 0/0
   227 | D:1      | Reached XP level 2. HP: 20/27 MP: 1/1
   728 | D:2      | Reached XP level 3. HP: 33/33 MP: 2/2
   772 | D:2      | Noticed Ijyb
   787 | D:2      | Killed Ijyb
   787 | D:2      | Reached skill level 1 in Dodging
   841 | D:2      | Reached XP level 4. HP: 40/40 MP: 3/3
   929 | D:2      | Found an oddly glowing altar of Pakellas.
   930 | D:2      | Noticed a brown ugly thing
   948 | D:2      | Found a faded altar to an unknown god.
   962 | D:2      | Killed a purple ugly thing
  1426 | D:3      | Noticed Sigmund
  1439 | D:3      | HP: 2/40 [something (8)]
  1441 | D:3      | Mangled by Sigmund

Skill      XL: |  1  2  3  4 |
---------------+-------------+-----
Armour         | 4 |  4.3
Fighting       | 4 |  4.2
Shields        | 4 |  4.6
Dodging        | 1 2 |  2.0
Polearms       | |  2.8

Action                   |  1- 3 |  4- 6 || total
-------------------------+-------+-------++-------
Melee: Trident           |    94 |    43 ||   137
       Headbutt          |    13 |     6 ||    19
  Use: Scroll            |     1 |       ||     1
       Potion            |       |     1 ||     1
  Eat: Chunk             |       |     1 ||     1
Armor: Scale mail        |    62 |    27 ||    89
Dodge: Dodged            |    39 |    15 ||    54
Block: Shield            |    55 |    23 ||    78
